 Dungeon Crawl Stone Soup version 0.29.0-11-gd7f09526c8 (webtiles) character file.

Game seed: 1472469900420876807

127 Flippered the Trooper (level 5, 0/37 HPs)
             Began as an Octopode Fighter on Sept 6, 2022.
             Slain by an orc wizard
             ... wielding a +0 dagger
              (1 damage)
             ... on level 3 of the Dungeon.
             The game lasted 00:04:25 (1742 turns).

Flippered the Trooper (Octopode Fighter)            Turns: 1742, Time: 00:04:26

Health: 0/37       AC:  1    Str: 18    XL:     5   Next: 11%
Magic:  5/5        EV: 13    Int: 10    God:
Gold:   175        SH:  4    Dex: 11    Spells: 4/4 levels left

rFire   . . .      SeeInvis .   a - +2 whip (elec)
rCold   . . .      Faith    .   b - +0 buckler
rNeg    . . .      Spirit   .   (helmet restricted)
rPois   .          Reflect  .   i - amulet of regeneration
rElec   .          Harm     .   (no ring)
rCorr   .          Rampage  .   (no ring)
Will    .....                   (no ring)
Stlth   ++........              (no ring)
HPRegen 0.92/turn               (no ring)
MPRegen 0.09/turn               (no ring)
                                (no ring)
                                (no ring)

@: no status effects
A: almost no armour, amphibious, 8 rings, camouflage 1, gelatinous body 1,
(nimble swimmer 1), tentacles
a: no special abilities


You were on level 3 of the Dungeon.
You visited 1 branch of the dungeon, and saw 3 of its levels.

You collected 175 gold pieces.

Inventory:

Hand Weapons
 a - a +2 whip of electrocution (weapon)
Armour
 b - a +0 buckler (worn)
Jewellery
 i - an amulet of regeneration (around mantle)
Wands
 r - a wand of paralysis (10)
Scrolls
 e - 2 scrolls of teleportation {unknown}
 m - 4 scrolls of enchant armour {unknown}
 n - a scroll of enchant weapon {unknown}
 o - 4 scrolls of identify {unknown}
 q - a scroll of amnesia {unknown}
Potions
 c - 2 potions of might
 d - a potion of curing {unknown}
 f - a potion of berserk rage {unknown}
 g - 2 potions of degeneration {unknown}
 h - 2 potions of flight {unknown}
 j - a potion of magic {unknown}
 k - 2 potions of mutation {unknown}
 l - a potion of lignification {unknown}
 p - a potion of ambrosia {unknown}


   Skills:
 + Level 4.0 Fighting
 * Level 3.3 Maces & Flails
 - Level 2.5 Polearms
 - Level 3.0 Dodging
 - Level 3.0 Shields


You had 4 spell levels left.
You didn't know any spells.
Your spell library contained the following spells:

 Spells                   Type           Power      Damage    Failure   Level
 Sting                    Tmut/Pois      0%         1d3       45%         1
 Poisonous Vapours        Pois/Air       0%         N/A       58%         2
 Portal Projectile        Hex/Tloc       0%         N/A       83%         3
 Tukima's Dance           Hex            0%         N/A       83%         3
 Olgreb's Toxic Radiance  Pois           0%         N/A       99%         4
 Blade Hands              Tmut           0%         N/A       100%        5


Dungeon Overview and Level Annotations

Branches:
Dungeon (3/15)

Altars:

Shops:
D:1 (


Innate Abilities, Weirdness & Mutations

You cannot wear most types of armour.
You are amphibious.
You can wear up to eight rings at the same time.
Your skin changes colour to match your surroundings (Stealth+).
Your rubbery body absorbs attacks. (AC +1, EV +1)
((You are camouflaged when in or above water. (Stealth+)))
You have tentacles for arms and can constrict up to eight enemies at once.


Message History

An orc comes into view. It is wielding a +0 club.
Found a leather armour and a scroll labelled LUMEYX FIODGH.
An orc is nearby!
An orc comes into view. It is wielding a +0 club.
An orc priest, an orc and an orc wizard come into view.
The orc shouts! x2; The orc wizard shouts!
The orc shouts!
No target in view!
The orc wizard points at you and mumbles some strange words.
The puff of flame hits you.
The orc wizard casts a spell.
The orc wizard flickers and vanishes!
Deactivating autopickup; reactivate with Ctrl-A.
You barely miss the orc. You grab the orc.
You squeeze the orc, but do no damage. You constrict the orc.
You block the orc's attack.
You completely miss the orc.
The orc is moderately wounded.
You constrict the orc. The orc closely misses you.
You whack the orc!
You kill the orc!
An orc opens the door.
The orc priest shouts!
You hit the orc. You grab the orc. You squeeze the orc.
You kill the orc!
A magic dart appears from out of thin air!
The magic dart hits you.
Items here: )) [ ††.
The orc priest hits you with a +0 short sword.
Something hits you.
You hit the orc priest. You grab the orc priest.
The orc priest is moderately wounded.
You constrict the orc priest.
The orc priest mumbles some strange prayers to Beogh against you.
Pain shoots through your body! Something hits you. The orc closely misses you.
You closely miss something. You constrict the orc priest.
The orc priest mumbles some strange prayers to Beogh against you.
Beogh smites you!
* * * LOW HITPOINT WARNING * * *
You block the orc's attack. Something hits you.
You die...

#.# #.#.'.
###'###
#.###.
#.....#
#.# #.
#.....#
#.# #.
#.....#
#.# #.
#.....#
#.####
####.....#
#.#...
#.{)##+###
#>....
#..@##
#.....
#.oo.#
#.....
#....#
#.....
##'#.#
#.....
......[.#
#....#
........#
#.####
........#
#.....
o....?..#
#..###
........#
###..###


You could see an orc priest and an orc.

Vanquished Creatures
  An iguana (D:3)
  Terence (D:3)
  3 worms (D:2)
  8 orcs (D:3)
  5 bats
  6 endoplasms
  A giant cockroach (D:2)
  4 goblins
  3 hobgoblins
  4 jackals (D:2)
  11 kobolds
  A quokka (D:2)
  3 ball pythons (D:2)
  9 rats
60 creatures vanquished.

Vanquished Creatures (others)
  5 plants (D:1)
5 creatures vanquished.

Grand Total: 65 creatures vanquished

Notes
Turn   | Place    | Note
-------+----------+-------------------------------------------
     0 | D:1      | Flippered the Octopode Fighter began the quest for the Orb.
     0 | D:1      | Reached XP level 1. HP: 16/16 MP: 1/1
   195 | D:1      | Reached XP level 2. HP: 21/21 MP: 2/2
   206 | D:1      | Found a faded altar of an unknown god.
   347 | D:1      | Found Wishren's Weapon Emporium.
   564 | D:1      | Reached skill level 1 in Maces & Flails
   686 | D:1      | Reached XP level 3. HP: 26/26 MP: 3/3
  1311 | D:3      | Reached XP level 4. HP: 32/32 MP: 4/4
  1497 | D:3      | Noticed Terence
  1501 | D:3      | Killed Terence
  1502 | D:3      | Reached XP level 5. HP: 37/37 MP: 5/5
  1647 | D:3      | Reached skill level 4 in Fighting
  1742 | D:3      | HP: 1/37 [orc priest/divine providence (14)]
  1742 | D:3      | Slain by an orc wizard

Illustrated notes

Levels and vault maps discovered:
D:1:      matt_arrival_refuge, layout_loops_cross,
          hellmonk_ecumenical_altar_prayer_group, serial_shops,
          nicolae_diamond_shop, lexackson_kobold_supper
D:2:      layout_basic, minmay_small_reverse_x
D:3:      minmay_razor_zed, layout_basic, uniq_terence

Skill      XL: |  1  2  3  4  5 |
---------------+----------------+-----
Maces & Flails | 1 2 3 |  3.3
Fighting       | 4 |  4.0
Polearms       | |  2.5
Dodging        | |  3.0
Shields        | |  3.0

Action                   |  1- 3 |  4- 6 || total
-------------------------+-------+-------++-------
Melee: Trident           |    11 |       ||    11
       Constrict         |    17 |    11 ||    28
       Whip              |    61 |    28 ||    89
       Tentacles         |     9 |     4 ||    13
 Stab: Sleeping          |    10 |     1 ||    11
       Distracted        |     1 |       ||     1
Armor: Skin              |     6 |       ||     6
Dodge: Dodged            |    22 |    12 ||    34
Block: Buckler           |     5 |     2 ||     7
